 Dungeon Crawl Stone Soup version 0.26-a0-1205-g4083c211ab (webtiles) character file.

Game seed: 9350941853363176752

105 Majang the Ruffian (level 4, 0/39 HPs)
             Began as a Naga Transmuter on Dec 29, 2020.
             Slain by a goblin
             ... wielding a +0 dagger
             ... led by Robin
              (1 damage)
             ... on level 3 of the Dungeon.
             The game lasted 00:09:48 (2810 turns).

Majang the Ruffian (Naga Transmuter)                Turns: 2810, Time: 00:09:48

Health: 0/39       AC:  8    Str: 14    XL:     4   Next: 81%
Magic:  4/7        EV:  8    Int: 13    God:
Gold:   128        SH:  0    Dex: 11    Spells: 5/8 levels left

rFire    + . .     SeeInvis +     - Unarmed
rCold    . . .     Faith    .   (no shield)
rNeg     . . .     Spirit   .   a - +0 robe
rPois    +         Reflect  .   (no helmet)
rElec    .         Harm     .   (no cloak)
rCorr    .         Rampage  .   k - +0 pair of gloves
Will     .....                  i - +1 barding
Stlth    +.........             (no amulet)
HPRegen  0.13/turn              b - ring of protection from fire
MPRegen  0.10/turn              (no ring)

@: wereblooded, flying, very slightly contaminated, very slow
A: large, see invisible, deformed body, poison resistance, slowness 2, spit
poison 1, AC +1
a: Spit Poison


You were on level 3 of the Dungeon.
You visited 1 branch of the dungeon, and saw 3 of its levels.

You collected 128 gold pieces.

Inventory:

Missiles
 h - 53 stones
Armour
 a - a +0 robe (worn)
 i - a +1 barding (worn)
 k - a +0 pair of gloves (worn)
 o - a +0 leather armour
Jewellery
 b - a ring of protection from fire (left hand)
Wands
 m - a wand of acid (7)
Scrolls
 d - a scroll of blinking {unknown}
 f - 2 scrolls of teleportation {unknown}
 g - 3 scrolls of remove curse {unknown}
 j - 3 scrolls of fear {unknown}
 l - a scroll of enchant weapon {unknown}
 p - a scroll of magic mapping {unknown}
 q - a scroll of enchant armour {unknown}
Potions
 c - a potion of heal wounds {unknown}
 e - a potion of flight
 n - a potion of curing {unknown}


   Skills:
 + Level 1.9 Fighting
 - Level 1.5 Dodging
 * Level 3.9 Unarmed Combat
 + Level 2.5 Spellcasting
 * Level 3.2 Transmutations


You had 5 spell levels left.
You knew the following spells:

 Your Spells              Type           Power        Failure   Level
a - Beastly Appendage     Tmut           20%          6%          1
b - Wereblood             Tmut           10%          10%         2

Your spell library contained the following spells:

 Spells                   Type           Power        Failure   Level
 Spider Form              Tmut/Pois      2%           36%         3
 Ice Form                 Ice/Tmut       5%           77%         4
 Blade Hands              Tmut           5%           87%         5


Dungeon Overview and Level Annotations

Branches:
Dungeon (3/15)

Altars:


Innate Abilities, Weirdness & Mutations

You cannot wear boots.
Your serpentine skin is tough. (AC +1)
You have supernaturally acute eyesight. (SInv)
Armour fits poorly on your strangely shaped body.
Your system is resistant to poisons. (rPois)
You cover ground very slowly.
You can spit poison.


Message History

You hit the orc priest. Your punch misses the orc priest.
The orc priest is moderately wounded.
You hear a shout!
The goblin hits you with a +0 dagger.
The orc priest hits you but does no damage.
The goblin hits you with a +0 dagger.
You hit the orc priest.
The orc priest is heavily wounded.
You howl as the wereblood boils in your veins!
The goblin no longer looks unusually strong.
The goblin hits you with a +0 dagger.
The orc priest calls down the wrath of Beogh upon you.
Beogh smites you!
* * * LOW HITPOINT WARNING * * *
It was a potion of flight.
You feel very buoyant.
You fly up into the air.
The goblin no longer looks unusually strong.
The goblin hits you but does no damage. The goblin hits you with a +0 dagger.
You die...

.# ###. =..... #.#..#
##.#..# # #..... #.
#..#.###.##
#.##..ggr.o.<. ..
#.....@o# #..#
###.†)### ..#. #.?)#
... #...# #
#.#####...####.#
..#.#..............#
.....................
#..<...........##
#.#####...######


You could see an orc priest, an orc, 2 goblins and a rat.

Vanquished Creatures
  Robin (D:3)
  An adder (D:2)
  4 worms
  2 dart slugs (D:1)
  3 leopard geckos
  An orc (D:2)
  5 bats
  7 giant cockroaches
  14 goblins
  6 hobgoblins
  2 ball pythons
  A frilled lizard (D:1)
  9 kobolds
  4 rats
60 creatures vanquished.

Notes
Turn   | Place    | Note
-------+----------+-------------------------------------------
     0 | D:1      | Majang the Naga Transmuter began the quest for the Orb.
     0 | D:1      | Reached XP level 1. HP: 18/18 MP: 3/3
   281 | D:1      | Reached XP level 2. HP: 25/25 MP: 5/5
   726 | D:1      | Learned a level 2 spell: Wereblood
   853 | D:1      | Reached XP level 3. HP: 27/31 MP: 4/6
  1874 | D:2      | Reached XP level 4. HP: 15/39 MP: 7/7
  2790 | D:3      | Noticed Robin
  2796 | D:3      | Killed Robin
  2809 | D:3      | HP: 1/39 [orc priest/divine providence (12)]
  2810 | D:3      | Slain by a goblin

Illustrated notes

Levels and vault maps discovered:
D:1:      nzn_arrival_depleted_hourglass, layout_loops_ring, minmay_tetromino_o2
D:2:      layout_basic
D:3:      layout_loops_cross, uniq_robin

Skill      XL: |  1  2  3  4 |
---------------+-------------+-----
Transmutations | 3 |  3.2
Fighting       | |  1.9
Dodging        | |  1.5
Unarmed Combat | |  3.9
Spellcasting   | |  2.5

Action                   |  1- 3 |  4- 6 || total
-------------------------+-------+-------++-------
Melee: Unarmed           |    81 |    46 ||   127
       Headbutt          |    10 |     7 ||    17
       Punch             |     1 |       ||     1
 Cast: Beastly Appendage |    15 |     5 ||    20
       Wereblood         |       |     2 ||     2
 Abil: Spit Poison       |    33 |    12 ||    45
  Use: Potion            |       |     1 ||     1
Armor: Robe              |    12 |    12 ||    24
Dodge: Dodged            |    50 |    19 ||    69

Table legend: (Time is in decaauts)
 A = Elapsed time spent in this place.
 B = Non-inter-level travel time spent in this place.
 C = Inter-level travel time spent in this place.
 D = Time resting spent in this place.
 E = Time spent auto-exploring this place.
 F = Levels seen in this place.
 G = Mean time per level.
                   A        B        C        D        E       F      G
               +--------+--------+--------+--------+--------+-----+--------+
         Total |   3385 |   3343 |     42 |    979 |   1824 |   3 | 1128.3 |
       Dungeon |   3385 |   3343 |     42 |    979 |   1824 |   3 | 1128.3 |
               +--------+--------+--------+--------+--------+-----+--------+

Top non-repeatable levels by time:
     D:1: 1867 daAuts
     D:2: 1464 daAuts
     D:3: 53 daAuts
